 Dungeon Sprint DCSS version 0.17-a0-1636-g3119f2b (webtiles) character file.

8220 Kidiri the Tortoise (level 11, -8/102 HPs)
             Began as a Minotaur Fighter on Aug 6, 2015.
             Was a High Priest of Okawaru.
             Mangled by a vampire knight
             ... wielding a +0 long sword
              (25 damage)
             ... in the Dungeon (Sprint VII: "The Pits").
             The game lasted 00:14:06 (1320 turns).

Kidiri the Tortoise (Minotaur Fighter)              Turns: 1320, Time: 00:14:06

Health: -8/102     AC: 20    Str: 25    XL:     11   Next: 7%
Magic:  16/16      EV: 14    Int:  8    God:    Okawaru [*****.]
Gold:   0          SH: 14    Dex:  9    Spells: 0 memorised, 10 levels left

rFire  . . .     SeeInvis .     w - +1 broad axe (freeze)
rCold  . . .     Clarity  .     g - +2 plate armour
rNeg   . . .     SustAt   .     c - +0 shield
rPois  .         Gourm    .     (helmet restricted)
rElec  .         Spirit   .     x - +0 cloak {+Inv}
rCorr  .         Warding  .     (no gloves)
rMut   .         NoTele   +     (no boots)
MR     .....                    (no amulet)
Stlth  ..........               t - +3 ring of evasion
                                s - +3 ring of intelligence

@: liquid flames, glowing, not resistant to hostile enchantments, extremely
unstealthy
A: retaliatory headbutt, horns 2
a: Heroism, Finesse, Renounce Religion, Evoke Invisibility


You were in the Dungeon.
You worshipped Okawaru.
Okawaru was extremely pleased with you.
You were not hungry.

You visited 1 branch

Inventory:

Hand weapons
 w - a +1 broad axe of freezing (weapon)
Armour
 c - a +0 shield (worn)
 g - a +2 plate armour (worn)
 x - a +0 cloak of invisibility (worn)
Jewellery
 s - a +3 ring of intelligence (left hand)
 t - a +3 ring of evasion (right hand)
Scrolls
 k - a scroll of blinking
 o - 3 scrolls of remove curse
 p - 5 scrolls of amnesia
 q - a scroll of summoning
Potions
 b - 2 potions of heal wounds
 d - 2 potions of might
 f - 5 potions of curing
 h - 5 potions of haste
 i - 4 potions of magic
 j - 3 potions of berserk rage
 n - 2 potions of invisibility
 u - a potion of cure mutation
 v - a potion of agility
Comestibles
 e - 8 bread rations
 l - 40 fruits
 m - 7 meat rations
 r - 16 chunks of flesh


   Skills:
 + Level 11.3 Fighting
 * Level 14.9 Axes
 * Level 15.1 Armour
 + Level 10.0 Dodging
 * Level 15.0 Shields
 + Level 8.8 Invocations
 + Level 2.3 Evocations


You had 10 spell levels left.
You didn't know any spells.

Dungeon Overview and Level Annotations

Branches:
Dungeon (1/1)

Altars:
Ashenzari
Cheibriados
Dithmenos
Elyvilon
Fedhas
Gozag
Kikubaaqudgha
Makhleb
Nemelex Xobeh
Okawaru
Qazlal
Ru
Sif Muna
Trog
Vehumet
Xom
Yredelemnul
Zin
The Shining One
Beogh
Jiyva
Lugonu


Innate Abilities, Weirdness & Mutations

You reflexively headbutt those who attack you in melee.
You have a pair of horns on your head.


Message History

Something hits you!
* * * LOW HITPOINT WARNING * * *
Something bites you but does no damage. You block the ball python's attack.
The ball python closely misses you.
You are too injured to fight recklessly!
Drink which item? (? for menu, Esc to quit)
You feel much better.
You are covered in liquid flames!
* * * LOW HITPOINT WARNING * * *
Something hits you.
* * * LOW HITPOINT WARNING * * *
Something bites you but does no damage.
The ball python bites you but does no damage.
You block the ball python's attack.
You closely miss the ball python. Your headbutt misses the ball python.
You hit something but do no damage.
You are covered in liquid flames!
* * * LOW HITPOINT WARNING * * *
Something hits you!!
You die...

### ########### ..#
#.........# ..#
##.).....## .##
####)).#### ### ##. ##
###..+)(÷+..##..##...
.###....##+##.....##....
..#....##...##....#...w.
..'....+.....+..S.'.....
..#....##..)##..@{#
.###....##+##)....# ##
###..'.(.+.÷##..# )#
####)..#### ### ..#
##.......## ..#
#.......).# ###
###########


You could see a worm and a ball python.

Vanquished Creatures
  Azrael (D)
  An orc high priest (D)
  A spriggan (D)
  A hill giant (D)
  A manticore (D)
  A molten gargoyle (D)
  An elephant (D)
  Joseph (D)
  2 kobold demonologists (D)
  A komodo dragon (D)
  A blue devil (D)
  A freezing wraith (D)
  A red devil (D)
  A bog body (D)
  A fire bat (D)
  A hungry ghost (D)
  3 fire elementals (D)
  A hippogriff (D)
  A warg (D)
  A mottled dragon (D)
  A hell hound (D)
  An ice beast (D)
  A black bear (D)
  A wasp (D)
  5 orc warriors (D)
  A swamp drake (D)
  2 crocodiles (D)
  2 big kobolds (D)
  5 orc wizards (D)
  2 orc priests (D)
  An iguana (D)
  A worker ant (D)
  An iron imp (D)
  5 sheep (D)
  2 adders (D)
  A gnoll (D)
  2 giant eyeballs (D)
  2 ufetubi (D)
  3 orcs (D)
  A ball python (D)
  A bat skeleton (D)
  2 hobgoblins (D)
  3 jackals (D)
  4 kobolds (D)
  A quokka (D)
  2 quokka skeletons (D)
76 creatures vanquished.

Vanquished Creatures (others)
  A great orb of eyes (D)
  A sheep (D)
2 creatures vanquished.

Grand Total: 78 creatures vanquished

Notes
Turn   | Place    | Note
--------------------------------------------------------------
     0 | D        | Kidiri the Minotaur Fighter began the quest for the Orb.
     0 | D        | Reached XP level 1. HP: 19/19 MP: 0/0
    22 | D        | Found a sacrificial altar of Ru.
    22 | D        | Found a basalt altar of Yredelemnul.
    22 | D        | Found a shadowy altar of Dithmenos.
    22 | D        | Found a deep blue altar of Sif Muna.
    22 | D        | Found a burning altar of Makhleb.
    22 | D        | Found a shimmering altar of Xom.
    22 | D        | Found an ancient bone altar of Kikubaaqudgha.
    22 | D        | Found a sparkling altar of Nemelex Xobeh.
    23 | D        | Found a glowing golden altar of the Shining One.
    23 | D        | Found a bloodstained altar of Trog.
    23 | D        | Found a shattered altar of Ashenzari.
    23 | D        | Found a white marble altar of Elyvilon.
    23 | D        | Found a snail-covered altar of Cheibriados.
    23 | D        | Found a blossoming altar of Fedhas.
    23 | D        | Found a radiant altar of Vehumet.
    23 | D        | Found a glowing silver altar of Zin.
    23 | D        | Found a corrupted altar of Lugonu.
    23 | D        | Found a viscous altar of Jiyva.
    23 | D        | Found a roughly hewn altar of Beogh.
    23 | D        | Found an iron altar of Okawaru.
    29 | D        | Found a stormy altar of Qazlal.
    30 | D        | Found an opulent altar of Gozag.
    32 | D        | Became a worshipper of Warmaster Okawaru
    76 | D        | Reached skill level 4 in Armour
    80 | D        | Reached skill level 1 in Dodging
    80 | D        | Reached XP level 2. HP: 25/27 MP: 1/1
   120 | D        | Reached skill level 5 in Armour
   120 | D        | Reached skill level 5 in Shields
   120 | D        | Reached XP level 3. HP: 24/34 MP: 2/2
   209 | D        | Noticed a worker ant
   211 | D        | Paralysed by a giant eyeball for 2 turns
   219 | D        | Paralysed by a giant eyeball for 3 turns
   222 | D        | Reached skill level 1 in Invocations
   227 | D        | Killed a worker ant
   227 | D        | Reached skill level 5 in Axes
   227 | D        | Reached XP level 4. HP: 36/41 MP: 2/4
   303 | D        | Paralysed by a giant eyeball for 2 turns
   306 | D        | Noticed an iguana
   307 | D        | Noticed an ice beast
   307 | D        | Reached skill level 5 in Fighting
   317 | D        | Reached skill level 6 in Armour
   333 | D        | Killed an ice beast
   333 | D        | Acquired Okawaru's first power
   333 | D        | Reached skill level 7 in Armour
   333 | D        | Reached XP level 5. HP: 44/50 MP: 4/6
   377 | D        | Noticed a hungry ghost
   384 | D        | Killed an iguana
   403 | D        | Killed a hungry ghost
   403 | D        | Reached skill level 8 in Axes
   403 | D        | Reached XP level 6. HP: 56/58 MP: 7/7
   411 | D        | Noticed an iron imp
   415 | D        | Killed an iron imp
   421 | D        | Noticed an orc wizard
   421 | D        | Noticed an orc wizard
   430 | D        | Killed an orc wizard
   430 | D        | Reached skill level 9 in Armour
   430 | D        | Reached skill level 5 in Dodging
   432 | D        | Killed an orc wizard
   446 | D        | Noticed a crocodile
   446 | D        | Noticed an elephant
   457 | D        | Killed an elephant
   457 | D        | Reached skill level 10 in Armour
   457 | D        | Reached skill level 10 in Shields
   457 | D        | Reached XP level 7. HP: 57/66 MP: 7/9
   459 | D        | Killed a crocodile
   459 | D        | Reached skill level 5 in Invocations
   614 | D        | Noticed an orc warrior
   614 | D        | Noticed an orc wizard
   614 | D        | Noticed an orc wizard
   614 | D        | Noticed an orc priest
   614 | D        | Noticed an orc high priest
   614 | D        | Noticed an orc warrior
   614 | D        | Noticed an orc priest
   614 | D        | Noticed an orc wizard
   614 | D        | Noticed an orc warrior
   614 | D        | Noticed an orc warrior
   614 | D        | Noticed an orc warrior
   618 | D        | Killed an orc warrior
   618 | D        | Reached skill level 10 in Axes
   620 | D        | Killed an orc warrior
   624 | D        | Killed an orc wizard
   624 | D        | Reached XP level 8. HP: 60/74 MP: 8/10
   624 | D        | Killed an orc warrior
   626 | D        | Killed an orc wizard
   628 | D        | Killed an orc priest
   628 | D        | Killed an orc warrior
   628 | D        | Reached skill level 11 in Armour
   634 | D        | Noticed a sun demon
   634 | D        | Noticed a soul eater
   636 | D        | Killed an orc priest
   640 | D        | Killed an orc high priest
   644 | D        | Killed an orc wizard
   648 | D        | Killed an orc warrior
   648 | D        | Reached XP level 9. HP: 34/83 MP: 10/12
   861 | D        | Noticed a komodo dragon
   861 | D        | Noticed a hippogriff
   861 | D        | Noticed a spriggan rider
   864 | D        | Killed a hippogriff
   864 | D        | Reached skill level 12 in Armour
   869 | D        | Killed a spriggan rider
   869 | D        | Acquired Okawaru's second power
   869 | D        | Killed a wasp
   876 | D        | Killed a komodo dragon
   921 | D        | Noticed a manticore
   921 | D        | Noticed a warg
   926 | D        | Killed a warg
   926 | D        | Reached skill level 13 in Shields
   933 | D        | Killed a manticore
   972 | D        | Noticed a fire bat
   972 | D        | Noticed a red devil
   975 | D        | Noticed a molten gargoyle
   975 | D        | Noticed a crocodile
   977 | D        | Killed a fire bat
   977 | D        | Reached skill level 10 in Fighting
   980 | D        | Killed a molten gargoyle
   980 | D        | Reached XP level 10. HP: 79/93 MP: 6/14
   982 | D        | Killed a crocodile
   989 | D        | Killed a red devil
  1044 | D        | Noticed Joseph
  1044 | D        | Noticed a swamp drake
  1047 | D        | Killed a swamp drake
  1061 | D        | Killed Joseph
  1068 | D        | Noticed a kobold demonologist
  1068 | D        | Noticed a big kobold
  1068 | D        | Noticed a hill giant
  1069 | D        | Noticed a kobold demonologist
  1069 | D        | Noticed a big kobold
  1069 | D        | Noticed a blue devil
  1069 | D        | Noticed a black bear
  1072 | D        | Killed a hill giant
  1072 | D        | Reached skill level 14 in Armour
  1078 | D        | Killed a black bear
  1079 | D        | Killed a big kobold
  1081 | D        | Killed a big kobold
  1085 | D        | Killed a blue devil
  1085 | D        | Received a gift from Okawaru
  1091 | D        | Noticed a rust devil
  1091 | D        | Killed a kobold demonologist
  1097 | D        | Killed a kobold demonologist
  1192 | D        | Noticed a great orb of eyes
  1192 | D        | Noticed a bog body
  1192 | D        | Noticed a freezing wraith
  1192 | D        | Noticed a fire elemental
  1192 | D        | Noticed a fire elemental
  1193 | D        | Noticed Azrael
  1193 | D        | Noticed a fire elemental
  1193 | D        | Noticed a hell hound
  1197 | D        | Killed a fire elemental
  1198 | D        | Killed a freezing wraith
  1202 | D        | Killed a fire elemental
  1202 | D        | Reached skill level 1 in Evocations
  1205 | D        | Killed a fire elemental
  1207 | D        | Killed a bog body
  1208 | D        | Paralysed by a great orb of eyes for 7 turns
  1218 | D        | Killed a great orb of eyes
  1219 | D        | Killed Azrael
  1219 | D        | Reached skill level 15 in Armour
  1219 | D        | Reached skill level 15 in Shields
  1219 | D        | Reached XP level 11. HP: 30/102 MP: 6/16
  1223 | D        | Killed a hell hound
  1223 | D        | Reached skill level 10 in Dodging
  1305 | D        | Noticed a vampire knight
  1311 | D        | Noticed a mottled dragon
  1318 | D        | Killed a mottled dragon
  1320 | D        | Mangled by a vampire knight

Vault maps used:
D:        pitsprint

Action                   |  1- 3 |  4- 6 |  7- 9 | 10-12 || total
-------------------------+-------+-------+-------+-------++-------
Melee: War axe           |    26 |    75 |     2 |       ||   103
       Broad axe         |       |       |    53 |    74 ||   127
Invok: Heroism           |       |     2 |     3 |     2 ||     7
       Finesse           |       |       |     2 |     2 ||     4
  Use: Potion            |     1 |     1 |     2 |     3 ||     7
 Stab: Confused          |       |       |       |     1 ||     1
  Eat: Chunk             |       |       |     2 |     2 ||     4
